 Dungeon Crawl Stone Soup version 0.29-a0-378-gc08b2e8bf8 (webtiles) character file.

Game seed: 4862199378479152987

656296 Essalna the Conqueror (level 27, -29/205 HPs)
             Began as a Djinni Conjurer on May 2, 2022.
             Was the Champion of Hepliaklqana.
             Killed from afar by an ancient champion (34 damage)
             ... with an iron shot
             ... on level 4 of the Iron City of Dis on May 4, 2022.
             The game lasted 04:10:52 (63551 turns).

Essalna the Conqueror (Djinni Conjurer)            Turns: 63551, Time: 04:10:52

Health: -29/205    AC: 19    Str:  6      XL:     27
Gold:   8047       EV: 23    Int: 50      God:    Hepliaklqana [******] SH: 14 Dex:  9 (11)

rFire   + + +      SeeInvis .   s - staff of fire
rCold   . . .      Faith    .   a - +1 kite shield {AC+3}
rNeg    + + +      Spirit   .   X - +0 troll leather armour
rPois   ∞          Reflect  .   Y - +2 hat of Defiance {Int+7}
rElec   +          Harm     .   H - +1 cloak "Vonuj" {rElec Int+7 Dex-3}
rCorr   .          Rampage  .   c - +1 Delatra's gloves {ID++}
Will    +++..                   (boots unavailable)
Stlth   +.........              i - amulet of Fakeofeci {+Inv Regen+ Int+4}
HPRegen 2.04/turn               y - +4 ring of protection
MPRegen 0.00/turn               d - ring of the Hare {EV+8}

@: lich-form, marked, flying, corroded
A: draining attack, torment immunity, no potions, flying, reduced essence,
sickness immunity, fire resistance 2, cold vulnerability 1, float, innate
caster, HP casting, extra vitality 1
}: 4/15 runes: decaying, serpentine, icy, bone
a: End Transformation, Renounce Religion, Evoke Invisibility, Recall Ancestor,
Ancestor Identity, Transference, Idealise


You were on level 4 of the Iron City of Dis.
You worshipped Hepliaklqana.
Hepliaklqana was exalted by your worship.
You were an undead lich.
You visited 14 branches of the dungeon, and saw 64 of its levels.
You visited 1 bazaar.
You also visited: Bailey, Gauntlet, Ice Cave, Volcano and Wizlab.

You collected 9760 gold pieces.
You spent 1713 gold pieces at shops.

Inventory:

Hand Weapons
 E - the +5 mace "Curusede" {speed, Int+4 Dex+6 SInv}
   (You found it in a Gauntlet)

   Attacks with this weapon are significantly faster.
   Int:       It affects your intelligence (+4).
   Dex:       It affects your dexterity (+6).
   SInv:      It lets you see invisible.
 W - the +8 mithril axe "Arga" {speed, Will+}
   (You found it on level 6 of the Lair of Beasts)

   Attacks with this weapon are significantly faster.
   Will:      It increases your willpower.
 Z - the +6 Majin-Bo {vamp, MP+6 Int+6}
   (You took it off a Hellbinder in a wizard's laboratory)

   It heals its wielder for a portion of the damage dealt when they wound a
   living foe with it or with a spell.
   Its wielder's spells cost health as well as magical power.
   Int:       It affects your intelligence (+6).
   MP:        It affects your magic capacity (+6).
Armour
 a - a +1 kite shield of protection (worn)
 c - the +1 Delatra's gloves (worn) {ID++}
   (You found it on level 2 of the Dungeon)

   It heals its wearer when they drink unknown potions.
   It restores its wearer's MP when they read unknown scrolls.
 l - a +3 leather armour of fire resistance
 H - the +1 cloak "Vonuj" (worn) {rElec Int+7 Dex-3}
   (You found it on level 2 of the Vaults)

   Int:       It affects your intelligence (+7).
   Dex:       It affects your dexterity (-3).
   rElec:     It insulates you from electricity.
 N - a +1 cloak of willpower
 R - a scarf of resistance
 U - a scarf of repulsion
 X - a +0 troll leather armour (worn)
 Y - the +2 hat of Defiance (worn) {Int+7}
   (You found it in a Gauntlet)

   Int:       It affects your intelligence (+7).
Magical Staves
 g - a staff of death
 s - a staff of fire (weapon)
 z - a staff of earth
 A - a staff of cold
 P - a staff of poison
Jewellery
 d - the ring of the Hare (right hand) {EV+8}
   (You acquired it in a bailey)

   [ring of evasion]

   EV:        It affects your evasion (+8).
 i - the amulet of Fakeofeci (around neck) {+Inv Regen+ Int+4}
   (You bought it in a shop in a bazaar)

   [amulet of regeneration]

   Int:       It affects your intelligence (+4).
   +Inv:      It lets you turn invisible.
   Regen:     It increases your rate of health regeneration.
 t - the amulet "Myoxkys" {Regen+ Dex+3}
   (You found it in an ice cave)

   [amulet of regeneration]

   Dex:       It affects your dexterity (+3).
   Regen:     It increases your rate of health regeneration.
 y - a +4 ring of protection (left hand)
 C - the ring "Soufuw" {Wiz Will+ Str+2 Dex-5 SInv}
   (You found it in an ice cave)

   [ring of wizardry]

   It improves your spell success rate.
   Str:       It affects your strength (+2).
   Dex:       It affects your dexterity (-5).
   SInv:      It lets you see invisible.
   Will:      It increases your willpower.
 L - the ring "Lujam" {Fire rPois Int+3}
   (You found it in a wizard's laboratory)

   [ring of fire]

   It enhances your fire magic.
   Int:       It affects your intelligence (+3).
   rF:        It protects you from fire.
   rC:        It makes you vulnerable to cold.
   rPois:     It protects you from poison.
 T - a ring of willpower
Wands
 e - a wand of digging (12)
 x - a wand of iceblast (51)
 S - a wand of acid (25)
Scrolls
 f - 2 scrolls of magic mapping
 h - 17 scrolls of fear
 j - 6 scrolls of enchant armour
 p - 15 scrolls of teleportation
 u - 5 scrolls of holy word
 v - 44 scrolls of identify
 I - 5 scrolls of brand weapon {unknown}
 K - 16 scrolls of enchant weapon
 M - 3 scrolls of fog
 Q - 4 scrolls of summoning {unknown}
Potions
 b - 2 potions of invisibility
 k - 8 potions of haste
 m - 22 potions of curing
 n - 9 potions of mutation
 o - 6 potions of might
 q - 10 potions of heal wounds
 r - 3 potions of berserk rage
 w - 4 potions of brilliance
 B - 8 potions of ambrosia
 D - 8 potions of resistance
 F - 9 potions of cancellation
 G - 7 potions of lignification
 J - 2 potions of magic


   Skills:
 O Level 27 Fighting
 + Level 15.2 Armour
 + Level 15.5 Dodging
 - Level 1.5 Stealth
 + Level 17.2 Shields
 O Level 27 Spellcasting
 + Level 9.4 Invocations


You couldn't memorise any spells.
You knew the following spells:

 Your Spells              Type           Power      Damage    Failure   Level
a - Magic Dart            Conj           100%       1d8       0%          1
b - Searing Ray           Conj           100%       2d8       0%          2
c - Dazzling Flash        Conj/Hex       100%       N/A       0%          3
d - Fulminant Prism       Conj/Hex       73%        3d30      0%          4
e - Iskenderun's Mystic   Conj/Tloc      100%       2d19      0%          4
f - Pain                  Necr           100%       1d9       0%          1
g - Static Discharge      Conj/Air       100%       N/A       0%          2
h - Ignite Poison         Fire/Tmut/Pois 100%       N/A       0%          3
i - Ozocubu's Armour      Ice            100%       N/A       0%          3
j - Animate Dead          Necr           86%        N/A       0%          4
k - Summon Mana Viper     Hex/Summ       100%       N/A       0%          5
l - Death Channel         Necr           86%        N/A       0%          6
m - Iron Shot             Conj/Erth      73%        9d13      0%          6
n - Conjure Ball Lightni  Conj/Air       73%        3x3d27    0%          6
o - Haunt                 Necr/Summ      86%        N/A       0%          7
p - Necromutation         Tmut/Necr      86%        N/A       1%          8
q - Fire Storm            Conj/Fire      86%        8d22      1%          9
r - Death's Door          Necr           86%        N/A       1%          9
Your spell library was empty.

Dungeon Overview and Level Annotations

Branches:
Dungeon (15/15)            Temple (1/1) D:4            Lair (6/6) D:11
  Swamp (4/4) Lair:2        Snake (4/4) Lair:3          Orc (2/2) D:11
    Elf (3/3) Orc:2        Vaults (4/5) D:14          Crypt (3/3) Vaults:3
   Tomb (0/3) Crypt:3      Depths (4/4) D:15           Hell (visited)
    Dis (4/7) Hell            Geh (0/7) Hell            Coc (7/7) Hell
    Tar (7/7) Hell            Zot (0/5) Depths:4     Bailey (visited)
  IceCv (visited)         Volcano (visited)          WizLab (visited)
Gauntlet (visited)
  Slime: Lair:5-6

Altars:
Ashenzari
Cheibriados
Dithmenos
Elyvilon
Fedhas
Gozag
Hepliaklqana
Kikubaaqudgha
Makhleb
Nemelex Xobeh
Okawaru
Qazlal
Ru
Sif Muna
Trog
Uskayaw
Vehumet
Wu Jian
Xom
Yredelemnul
Zin
The Shining One
Beogh
Jiyva
Lugonu

Shops:
D:13 *   Orc:2 ?[=(   Snake:1 (   Snake:2 ::=[

Portals:
Hell: Depths:2 Depths:3 Depths:4
Abyss: Orc:2 Depths:3 Depths:4
Pandemonium: Depths:2 Depths:3
Ziggurat: Depths:1

Annotations:
D:1 2 transporters
D:6 exclusion: statue
D:11 exclusion: orange crystal statue
Lair:6 exclusion: oklob plant


Innate Abilities, Weirdness & Mutations

You are an undead lich.
Your unarmed attacks are suffused with negative energy.
You are immune to unholy pain and torment.
Your necromantic spells are more powerful.
You cannot drink.
You are flying.
Your life essence is reduced to manifest your ancestor. (-10% HP)
You are immune to sickness and miasma.
You are immune to poison.
Your flesh is very heat resistant. (rF++)
You are vulnerable to cold. (rC-)
You float through the air rather than walking.
You learn spells naturally, not from books.
Your magical power is your life essence.
You have superior vitality. (+4 MHP)


Message History

Confirm with . or Enter, or press ? or * to list all spells.
You don't have enough health to cast this spell.
The ancient champion mumbles some strange words.
The ancient champion seems to speed up.
A war gargoyle comes into view. It is wielding a +0 great mace.
Casting: Iron Shot (safe; 0% risk of failure)
Confirm with . or Enter, or press ? or * to list all spells.
You don't have enough health to cast this spell.
You cannot drink potions in your current state!
Casting: Iron Shot (safe; 0% risk of failure)
Confirm with . or Enter, or press ? or * to list all spells.
Aiming: Iron Shot (safe; 0% risk of failure)
Press: ? - help, Shift-Dir - straight line, f - ancient champion
Aim: an ancient champion, wielding a +2 battleaxe of draining and wearing a +0 plate armour (fast, 89% to hit)
The iron shot hits the ancient champion!!!
The ancient champion is almost destroyed.
* * * LOW HITPOINT WARNING * * *
Casting: Iron Shot (safe; 0% risk of failure)
Confirm with . or Enter, or press ? or * to list all spells.
You don't have enough health to cast this spell.
Unknown command.
Casting: Iron Shot (safe; 0% risk of failure)
Confirm with . or Enter, or press ? or * to list all spells.
You erupt in a blast of force!
The mystic blast hits the ancient champion but does no damage.
The ancient champion is almost destroyed.
* * * LOW HITPOINT WARNING * * *
The ancient champion misses you.
Casting: Iskenderun's Mystic Blast (safe; 0% risk of failure)
Confirm with . or Enter, or press ? or * to list all spells.
You don't have enough health to cast this spell.
Okay, then.
Aiming: Corrosive Bolt
Press: ? - help, Shift-Dir - straight line, f/p - ancient champion
Aim: an ancient champion, wielding a +2 battleaxe of draining and wearing a +0 plate armour (almost destroyed, fast, 83% to hit)
The bolt of acid hits the ancient champion but does no damage.
The ancient champion is almost destroyed.
The ancient champion casts a spell at you.
The iron shot hits you!!
You die...

########
#L.....# .
#.z....#...v
+.....v)....
#..9..v#...^
#......# ...
#####'##
#.9W...#
#......#
+.W....'.


You could see an ancient champion (fast), a war gargoyle and 2 friendly fire
vortices.

Vanquished Creatures
  Antaeus (Coc:7)
  Ereshkigal (Tar:7)
  5 dread liches
  Mara (Depths:1)
  2 ancient liches
  9 shard shrikes
  the Lernaean hydra (Swamp:4)
  Boris (Depths:3)
  21 caustic shrikes
  A golden dragon (IceCv)
  A Hellbinder (WizLab)
  A profane servitor (Tar:2)
  12 bone dragons
  3 doom hounds (Tar:7)
  2 iron giants
  10 Tzitzimimeh
  The ghost of Weosaxue the Earth Mage, an adept GrEE of Vehumet (Vaults:1)
  3 hellephants (Depths:3)
  3 spectral shard shrikes (Tar:3)
  2 Hell Sentinels
  20 Ice Fiends
  A tentacled monstrosity (Depths:4)
  2 deep elf blademasters
  8 tainted leviathans
  A quicksilver dragon (Depths:4)
  2 liches (Crypt:3)
  7 titans
  An acid blob (Vaults:1)
  3 deep elf master archers (Elf:3)
  A thorn hunter (Swamp:4)
  9 ancient champions
  Kirke (Elf:1)
  A tengu reaver (Depths:4)
  2 sphinxes
  A shadow dragon (Depths:4)
  3 fenstrider witches (Depths:2)
  The ghost of generaletaddeo the Marksfrog, an adept BaAM of Cheibriados (Orc:2)
  2 revenants (Depths:3)
  6 nagarajas
  2 azure jellies
  7 narguns
  3 fire giants
  4 iron dragons
  3 quicksilver elementals
  2 rockslimes (Vaults:1)
  4 frost giants
  8 deep elf sorcerers (Elf:3)
  3 orc warlords
  A cacodemon (WizLab)
  10 shard shrike simulacra
  9 ghouls
  A spectral juggernaut (Tar:7)
  2 spriggan defenders
  7 deep elf elementalists (Elf:3)
  A draconian shifter (Depths:4)
  13 vault wardens
  12 ironbound preservers
  2 juggernaut zombies
  2 caustic shrike skeletons
  A curse skull (Crypt:2)
  16 putrid mouths
  A demonspawn blood saint (WizLab)
  8 reapers
  7 very ugly things
  10 vampire knights
  9 war gargoyles
  4 ironbound thunderhulks
  10 stone giants
  A black draconian (Depths:4)
  A deep elf demonologist (Elf:3)
  6 deep elf annihilators
  A lorocyproca (Hell)
  19 elemental wellsprings
  11 wendigos
  A red draconian (Depths:4)
  2 eleionomae
  Azrael (Elf:2)
  3 bunyips
  2 minotaurs
  A yellow draconian (Depths:4)
  A white draconian (Depths:4)
  6 dire elephants
  3 eidola
  Snorg (D:11)
  A shambling mangrove (Swamp:4)
  A spectral quicksilver dragon (Tar:3)
  7 deep elf death magi
  2 blizzard demons
  A merfolk javelineer (Depths:1)
  4 ettins
  A spectral spriggan (Tar:1)
  9 crystal guardians
  5 iron golems
  5 jiangshi (Depths:3)
  2 spriggan zombies
  5 deep elf high priests
  15 hydras
  3 fire dragons
  7 great orbs of eyes
  A peacekeeper (Vaults:4)
  2 boulder beetles
  11 ice dragons
  8 caustic shrike simulacra
  6 vault guards
  Harold (D:11)
  7 yaktaur captains
  3 spriggan air magi
  A quicksilver dragon skeleton (Depths:3)
  2 catoblepae
  2 salamander tyrants
  2 hell beasts (WizLab)
  9 juggernaut simulacra
  3 spriggan skeletons
  2 two-headed ogres
  6 centaur warriors
  A death knight (Crypt:2)
  6 alligators
  4 ironbound frosthearts
  9 anacondas
  37 dancing weapons
  7 deep troll shamans
  An alligator (shapeshifter) (Elf:1)
  7 tengu warriors
  A spectral stone giant (Tar:5)
  8 naga warriors
  9 deep troll earth magi
  10 hell hogs (Depths:3)
  5 death yaks
  2 spectral dire elephants
  A spriggan berserker (Depths:2)
  5 vampire magi
  6 spriggans
  4 orc high priests
  8 shock serpents
  A storm dragon zombie (Crypt:1)
  31 hell knights
  5 sun demons
  5 shadow wraiths (Tar:7)
  9 soul eaters
  11 naga sharpshooters
  10 deep elf knights
  3 crystal echidnas
  4 sixfirhies
  4 iron trolls
  5 goliath frogs
  10 sea snakes
  33 deep trolls
  13 skeletal warriors
  5 quicksilver dragon simulacra
  2 spriggan druids
  9 swamp dragons
  6 salamander mystics
  15 deep elf archers
  8 naga ritualists
  5 spriggan simulacra
  5 flayed ghosts
  3 glowing orange brains
  An anaconda zombie (Hell)
  6 phantasmal warriors
  19 deep elf zephyrmancers
  7 wizards
  2 shadow dragon zombies
  An anaconda skeleton (Hell)
  8 orc knights
  9 mana vipers
  A harpy (shapeshifter) (Depths:4)
  32 deep elf pyromancers
  2 tengu zombies
  20 necromancers
  11 ironbound convokers
  3 lindwurms
  6 bog bodies
  A spectral ettin (Tar:3)
  2 oklob plants (Lair:1)
  A fenstrider witch simulacrum (Coc:1)
  An orange crystal statue (IceCv)
  4 harpies (Vaults:2)
  A fire giant zombie (Depths:3)
  33 ugly things
  5 orc sorcerers
  19 salamanders
  2 manticores (D:15)
  2 will-o-the-wisps
  3 tengu skeletons
  A stone giant zombie (Crypt:3)
  2 sphinx skeletons
  An iron dragon skeleton (Depths:3)
  4 cyclopes
  An eye of devastation (Vaults:1)
  50 black mambas
  A spectral alligator snapping turtle (Tar:2)
  A centaur zombie (Hell)
  An elf zombie (Vaults:3)
  16 naga magi
  26 elephants
  7 guardian serpents
  8 smoke demons
  A fire giant skeleton (Vaults:1)
  7 cane toads
  7 rust devils
  4 titan simulacra
  An alligator snapping turtle zombie (Crypt:3)
  2 human zombies
  8 vault sentinels
  A torpor snail (Lair:6)
  10 storm dragon simulacra
  A gargoyle (Gauntlet)
  A kobold demonologist (D:12)
  A purple draconian zombie (Crypt:1)
  An alligator snapping turtle skeleton (Crypt:1)
  A demonic crawler (Hell)
  2 sea snake zombies (Hell)
  6 hellions
  Psyche (D:10)
  2 spectral nagas (Tar:3)
  A yaktaur zombie (Vaults:1)
  4 orange demons
  2 rime drakes
  3 komodo dragons
  45 yaktaurs
  A bunyip simulacrum (Coc:2)
  6 freezing wraiths
  A hydra zombie (Hell)
  3 hellwings
  6 tengu conjurers
  3 red devils
  3 golden dragon simulacra
  2 iron giant simulacra
  2 sea snake skeletons (Hell)
  A spectral harpy (Tar:3)
  2 yaktaur skeletons
  3 ice devils (WizLab)
  7 anaconda simulacra
  A bloated husk (Swamp:1)
  A silent spectre (Tar:1)
  5 trolls
  14 tormentors
  4 hornets
  8 tyrant leeches
  4 polar bears
  23 blink frogs
  A harpy skeleton (Hell)
  2 iron dragon simulacra
  21 slime creatures
  6 dream sheep
  A human skeleton (Vaults:2)
  3 stone giant simulacra
  28 flying skulls
  3 air elementals
  9 water elementals
  An alligator zombie (Hell)
  A hog (Elf:1)
  2 wyverns (Lair:6)
  10 wraiths
  A centaur simulacrum (Coc:1)
  A vampire (D:7)
  2 ettin skeletons
  A tyrant leech zombie (Crypt:1)
  7 dire elephant simulacra
  A human (shapeshifter) (D:14)
  2 large abominations (Gauntlet)
  A hog (shapeshifter) (D:8)
  An alligator snapping turtle simulacrum (Coc:1)
  40 yaks
  8 fire elementals
  Grum (D:8)
  2 chaos spawn (Gauntlet)
  4 basilisks
  4 vampire mosquitoes
  3 neqoxecs
  9 harpy simulacra
  2 small abominations (Gauntlet)
  3 hydra simulacra
  13 swamp worms
  A warg (Orc:1)
  7 water moccasins
  2 acid dragons
  40 nagas
  2 hell hounds (Elf:2)
  2 floating eyes
  A faun skeleton (Crypt:2)
  Duvessa (D:7)
  A merfolk skeleton (Crypt:2)
  2 black bears
  2 naga skeletons
  4 swamp drakes
  3 sky beasts
  A blink frog zombie (Crypt:2)
  An ettin simulacrum (Coc:7)
  2 ice beasts
  36 orc warriors
  A black mamba simulacrum (Crypt:2)
  6 ice dragon simulacra (IceCv)
  12 wolves
  4 ogres
  A phantom (D:5)
  2 centaurs
  7 bullfrogs
  2 earth elementals
  2 kobold brigands
  4 scorpions
  10 necrophages
  A komodo dragon skeleton (Crypt:2)
  4 naga simulacra
  6 wights
  Dowan (D:7)
  8 killer bees (D:8)
  2 lindwurm simulacra (IceCv)
  An electric eel (D:14)
  3 jellies
  16 orc priests
  4 hounds
  A gnoll shaman (D:7)
  5 hell rats
  2 iguanas (D:5)
  14 orc wizards
  4 river rats (Lair:1)
  7 adders
  12 gnolls
  A steam dragon skeleton (Crypt:2)
  2 swamp drake skeletons
  A shadow imp (D:8)
  2 white imps
  A worm (D:4)
  A dart slug (D:5)
  91 orcs
  3 endoplasms
  5 giant cockroaches
  8 goblins
  14 hobgoblins
  5 jackals
  7 quokkas
  2 ball pythons
  5 bats
  7 frilled lizards
  30 kobolds
  2 rats
  3 fire vortices
  A fulminant prism (D:11)
  2 lurking horrors (Orc:2)
2012 creatures vanquished.

Vanquished Creatures (collateral kills)
  A shard shrike (Coc:7)
  Margery (Depths:3)
  Geryon (Hell)
  A caustic shrike (Depths:4)
  Nikola (Elf:2)
  3 profane servitors
  2 doom hounds
  4 bone dragons (Tar:7)
  4 Tzitzimimeh
  An iron giant (Dis:3)
  A Hell Sentinel (Dis:3)
  A shard shrike skeleton (Crypt:1)
  2 tainted leviathans
  Zenata (Elf:2)
  2 titans (Coc:7)
  A deep elf blademaster (Elf:2)
  A quicksilver dragon (Depths:3)
  2 sphinxes
  A thorn hunter (Swamp:4)
  A shadow dragon (Depths:4)
  4 nagarajas (Snake:4)
  A draconian knight (Depths:4)
  A nargun (Coc:1)
  An azure jelly (Vaults:1)
  2 quicksilver elementals
  2 frost giants
  A deep elf sorcerer (Elf:3)
  4 vault wardens
  2 balrugs
  A cacodemon (Hell)
  A spriggan defender (Depths:2)
  A draconian shifter (Depths:4)
  2 deep elf elementalists (Elf:3)
  A curse skull (Crypt:2)
  A reaper (Tar:4)
  3 ironbound preservers
  4 very ugly things
  2 shard shrike simulacra
  2 ghouls
  3 war gargoyles
  4 putrid mouths
  A vampire knight (Crypt:3)
  2 elemental wellsprings
  An ironbound thunderhulk (Vaults:3)
  A lorocyproca (WizLab)
  A green draconian (Depths:4)
  An eleionoma (Swamp:4)
  5 dire elephants
  2 wendigos
  A white draconian (Depths:4)
  An ettin (Depths:1)
  An eidolon (Crypt:2)
  A deep elf death mage (Elf:3)
  2 iron golems (Dis:3)
  A deep elf high priest (Elf:3)
  A spectral spriggan (Tar:3)
  A fire dragon (Depths:3)
  A spectral golden dragon (Tar:4)
  A rakshasa (Depths:1)
  A spriggan zombie (Crypt:3)
  A great orb of eyes (Vaults:1)
  2 juggernaut simulacra
  2 ironbound frosthearts (Vaults:1)
  6 vault guards
  6 hydras
  2 caustic shrike simulacra (Coc:7)
  A peacekeeper (Vaults:4)
  3 centaur warriors
  A death knight (D:13)
  3 ice dragons
  3 boulder beetles
  A spriggan air mage (Depths:3)
  4 anacondas
  A spriggan skeleton (Depths:3)
  3 two-headed ogres
  5 naga warriors
  3 tengu warriors
  2 deep troll shamans
  4 death yaks
  A hell hog (Depths:3)
  3 naga sharpshooters (Snake:2)
  7 dancing weapons
  7 hell knights
  A spriggan berserker (Depths:2)
  A shock serpent (Snake:2)
  2 sun demons (Hell)
  2 vampire magi (Depths:1)
  A spriggan (Swamp:1)
  A titan skeleton (Depths:3)
  2 deep elf knights
  4 shadow wraiths (Tar:7)
  A goliath frog (Swamp:4)
  9 deep trolls
  A salamander mystic (Volcano)
  2 skeletal warriors
  A golden dragon zombie (Depths:3)
  A flayed ghost (Crypt:2)
  A large abomination (Gauntlet)
  3 ironbound convokers
  A spriggan simulacrum (Coc:1)
  3 naga ritualists
  2 swamp dragons
  2 lindwurms (Swamp:4)
  3 necromancers
  2 deep elf archers
  4 orc knights
  An oklob plant (Lair:1)
  A phantasmal warrior (Crypt:2)
  An anaconda skeleton (Hell)
  2 deep elf zephyrmancers
  5 deep elf pyromancers
  3 mana vipers
  2 cyclopes
  A spectral alligator snapping turtle (Tar:3)
  8 salamanders
  7 ugly things
  4 slime creatures
  A manticore (D:8)
  A human skeleton (Vaults:2)
  A vault sentinel (Vaults:1)
  5 naga magi
  A rust devil (Hell)
  2 torpor snails
  A molten gargoyle (Hell)
  8 elephants
  9 black mambas
  A dire elephant skeleton (Crypt:2)
  A naga skeleton (Crypt:1)
  5 cane toads
  A smoke demon (Hell)
  An unseen horror (D:7)
  A hellion (Dis:2)
  A yaktaur zombie (Vaults:1)
  8 komodo dragons
  4 rime drakes
  6 yaktaurs
  An anaconda simulacrum (Coc:1)
  A golden dragon simulacrum (IceCv)
  A silent spectre (Tar:6)
  2 tyrant leeches
  A red devil (WizLab)
  A spectral harpy (Tar:3)
  2 trolls
  A hornet (Swamp:1)
  A queen bee (shapeshifter) (D:8)
  5 blink frogs
  9 dream sheep
  A fire dragon skeleton (Crypt:1)
  2 water elementals (Elf:1)
  2 shadows (D:11)
  10 flying skulls (Crypt:3)
  2 fire bats (Lair:4)
  A wraith (D:13)
  2 fire elementals
  20 yaks
  A steam dragon (D:10)
  4 basilisks
  3 chaos spawn
  A vampire mosquito (D:8)
  2 elf skeletons
  3 harpy simulacra
  9 nagas
  A naga zombie (Crypt:3)
  A swamp worm (Swamp:4)
  2 acid dragons
  A hell hound (Elf:2)
  8 water moccasins
  13 orc warriors
  A sky beast (D:7)
  A wolf (Lair:4)
  3 centaurs (D:11)
  A blink frog skeleton (Crypt:1)
  An elf zombie (Crypt:1)
  A small abomination (Gauntlet)
  5 kobold brigands
  7 bullfrogs
  A necrophage (Crypt:1)
  4 wights
  2 killer bees (D:8)
  2 lindwurm simulacra (IceCv)
  3 electric eels
  3 howler monkeys (D:11)
  3 orc priests
  A gnoll shaman (D:7)
  2 centaur skeletons
  3 orc wizards
  5 hell rats
  2 gnolls (Bailey)
  A river rat (D:11)
  An ufetubus (D:6)
  13 orcs
  A quokka (D:11)
  A jackal skeleton (Crypt:1)
  5 kobolds
  2 ball lightnings (Vaults:1)
  2 briar patches (Swamp:4)
506 creatures vanquished.

Vanquished Creatures (others)
  A shard shrike simulacrum (Coc:7)
  A wendigo (Coc:7)
  A caustic shrike simulacrum (Coc:2)
  A wizard (D:15)
  A spriggan simulacrum (Coc:7)
  A molten gargoyle (Hell)
  An unseen horror (D:8)
  A hydra zombie (Hell)
  A harpy skeleton (Hell)
  A harpy simulacrum (Coc:7)
  47 battlemagi
  2 hell rats (Hell)
  4 ancestors
  9 ball lightnings
  12 demonic plants (Gauntlet)
  323 fire vortices
  28 fulminant prisms
  61 fungi
  85 plants
581 creatures vanquished.

Grand Total: 3099 creatures vanquished

Notes
Turn   | Place    | Note
-------+----------+-------------------------------------------
     0 | D:1      | Essalna the Djinni Conjurer began the quest for the Orb.
     0 | D:1      | Reached XP level 1. HP: 15/15 MP: 0/0
   176 | D:1      | Reached XP level 2. HP: 21/22 MP: 0/0
   187 | D:1      | Reached skill level 1 in Fighting
   741 | D:1      | Reached XP level 3. HP: 24/27 MP: 0/0
   741 | D:1      | Learned a level 1 spell: Pain
  1375 | D:1      | Found a faded altar of an unknown god.
  1926 | D:2      | Found the +1 Delatra's gloves {ID++}
  2307 | D:2      | Reached XP level 4. HP: 29/33 MP: 0/0
  2850 | D:3      | Reached XP level 5. HP: 34/40 MP: 0/0
  2850 | D:3      | Learned a level 2 spell: Static Discharge
  3734 | D:4      | Reached XP level 6. HP: 37/47 MP: 0/0
  4092 | D:4      | Found a staircase to the Ecumenical Temple.
  4106 | Temple   | Entered the Ecumenical Temple
  4402 | D:4      | Found a hazy altar of Hepliaklqana.
  4412 | D:4      | Became a worshipper of Hepliaklqana the Forgotten
  4597 | D:4      | Found a bloodstained altar of Trog.
  4605 | D:4      | Found a snail-covered altar of Cheibriados.
  4605 | D:4      | Found a white marble altar of Elyvilon.
  4608 | D:4      | Found an ornate altar of the Wu Jian Council.
  4649 | D:5      | Entered Level 5 of the Dungeon
  4757 | D:5      | Reached XP level 7. HP: 43/53 MP: 0/0
  4757 | D:5      | Learned a level 3 spell: Ignite Poison
  4864 | D:5      | Reached skill level 5 in Spellcasting
  4927 | D:5      | Reached skill level 5 in Fighting
  5432 | D:5      | Reached XP level 8. HP: 51/61 MP: 0/0
  5743 | D:5      | Found a blossoming altar of Fedhas.
  5755 | D:5      | Found a sparkling altar of Nemelex Xobeh.
  5807 | D:5      | Found an opulent altar of Gozag.
  6723 | D:6      | Reached * piety under Hepliaklqana
  6854 | D:6      | Identified the +1 ring mail of Omission {Str+3}
  7289 | D:7      | Reached XP level 9. HP: 36/61 MP: 0/0
  7289 | D:7      | Learned a level 3 spell: Ozocubu's Armour
  7722 | D:7      | Noticed Duvessa
  7722 | D:7      | Noticed Dowan
  7731 | D:7      | Killed Dowan
  7738 | D:7      | Killed Duvessa
  8000 | D:7      | Killed an unseen horror
  8685 | D:8      | Found a flagged portal.
  8693 | Bailey   | Entered a bailey
  8796 | Bailey   | Noticed an orc warlord
  8854 | Bailey   | Reached XP level 10. HP: 61/70 MP: 0/0
  9078 | Bailey   | Found a runed translucent gate.
  9081 | Bailey   | Found a runed translucent gate.
  9083 | Bailey   | Found a runed translucent gate.
  9333 | Bailey   | Identified a scroll of acquirement
  9333 | Bailey   | Acquired the ring of the Hare {EV+8}
  9333 | Bailey   | Found the ring of the Hare {EV+8}
  9400 | Bailey   | Reached skill level 10 in Spellcasting
  9400 | Bailey   | Reached XP level 11. HP: 76/80 MP: 0/0
  9400 | Bailey   | Learned a level 4 spell: Animate Dead
  9459 | D:8      | Noticed Grum
  9464 | D:8      | Killed Grum
  9849 | D:8      | Reached ** piety under Hepliaklqana
  9850 | D:8      | Remembered your ancestor Ur-Dumizida as a battlemage
  9869 | D:8      | Noticed a green ugly thing
  9883 | D:8      | Killed a green ugly thing
 10140 | D:8      | Noticed a manticore
 10145 | D:8      | Noticed a two-headed ogre
 10331 | D:8      | Found a burning altar of Makhleb.
 10527 | D:8      | Killed a manticore
 10861 | D:8      | Killed an orc warlord
 10999 | D:8      | Killed a two-headed ogre
 11111 | D:8      | Found a stormy altar of Qazlal.
 11368 | D:9      | Reached XP level 12. HP: 83/88 MP: 0/0
 11761 | D:9      | Noticed a two-headed ogre
 11765 | D:9      | Killed a two-headed ogre
 12026 | D:9      | Found a basalt altar of Yredelemnul.
 12034 | D:9      | Found an iron altar of Okawaru.
 12189 | D:10     | Entered Level 10 of the Dungeon
 12347 | D:10     | Noticed Psyche
 12360 | D:10     | Killed Psyche
 12755 | D:10     | Reached *** piety under Hepliaklqana
 13227 | D:11     | Noticed a death yak
 13253 | D:11     | Noticed a death yak
 13260 | D:11     | Killed a death yak
 13312 | D:11     | Killed a death yak
 13538 | D:11     | Found a staircase to the Orcish Mines.
 13730 | D:11     | Found a staircase to the Lair.
 13738 | D:11     | Noticed a death yak
 13739 | D:11     | Noticed Harold
 13743 | Lair:1   | Entered Level 1 of the Lair of Beasts
 13752 | Lair:1   | Killed a death yak
 14466 | Lair:1   | Reached XP level 13. HP: 88/95 MP: 0/0
 14466 | Lair:1   | Learned a level 5 spell: Summon Mana Viper
 15269 | Lair:2   | Reached skill level 15 in Fighting
 15888 | Lair:2   | Reached **** piety under Hepliaklqana
 16300 | Lair:2   | Found a staircase to the Swamp.
 17164 | Lair:3   | Found a staircase to the Snake Pit.
 17751 | Lair:3   | Reached XP level 14. HP: 99/104 MP: 0/0
 18003 | Lair:3   | Found the +12 pair of quick blades "Gyre" and "Gimble"
                  | {protect}
 18549 | Lair:4   | Found a dark tunnel.
 18554 | Volcano  | Entered a volcano
 18616 | Volcano  | Reached skill level 1 in Armour
 19064 | Volcano  | Found a burning altar of Makhleb.
 19276 | Lair:4   | You are sucked into a shaft and drop 2 floors!
 19276 | Lair:6   | Entered Level 6 of the Lair of Beasts
 20084 | Lair:6   | Reached skill level 5 in Dodging
 20275 | Lair:6   | Reached ***** piety under Hepliaklqana
 21660 | Lair:4   | Reached skill level 5 in Armour
 21876 | Lair:5   | Reached XP level 15. HP: 104/111 MP: 0/0
 21876 | Lair:5   | Learned a level 6 spell: Death Channel
 23096 | Lair:6   | Upgraded the game from 0.29-a0-370-gb5314be063 to
                  | 0.29-a0-371-g91724d5b39
 24462 | Lair:6   | Identified the ring of Moderation {Ice Contam rElec rPois
                  | rN++}
 25463 | Lair:6   | Found the +8 mithril axe "Arga" {speed, Will+}
 25953 | D:11     | Killed Harold
 26217 | D:11     | Noticed Snorg
 26224 | D:11     | Killed Snorg
 26698 | D:12     | Reached XP level 16. HP: 112/118 MP: 0/0
 26720 | D:12     | Found a broken altar of Ashenzari.
 26971 | D:12     | Found a gate leading to a gauntlet.
 26980 | Gauntlet | Entered a Gauntlet
 26980 | Gauntlet | Found a transporter.
 26980 | Gauntlet | Found a transporter.
 26987 | Gauntlet | Found a transporter.
 26990 | Gauntlet | Found a transporter.
 26990 | Gauntlet | Found a transporter.
 26990 | Gauntlet | Found a transporter.
 27000 | Gauntlet | Found a transporter.
 27004 | Gauntlet | Found a transporter.
 27014 | Gauntlet | Found a transporter.
 27036 | Gauntlet | Reached ****** piety under Hepliaklqana
 27118 | Gauntlet | Found a transporter.
 27122 | Gauntlet | Found a transporter.
 27136 | Gauntlet | Found a transporter.
 27231 | Gauntlet | Identified the +5 mace "Curusede" {speed, Int+4 Dex+6 SInv}
 27263 | Gauntlet | Identified the ring "Tonaisin" {rCorr Str+6 Int+6 Dex-2}
 27294 | Gauntlet | Identified the +2 hat of Defiance {Int+7}
 27331 | Gauntlet | Identified the +4 trident of Gravity {flame, MP+9}
 27637 | D:13     | Found Amaidim's Assorted Antiques.
 27923 | D:13     | Acquired 984 gold pieces
 28371 | Orc:1    | Entered Level 1 of the Orcish Mines
 28396 | Orc:1    | You are sucked into a shaft and drop 1 floor!
 28396 | Orc:2    | Entered Level 2 of the Orcish Mines
 28396 | Orc:2    | Found a corrupted altar of Lugonu.
 28397 | Orc:2    | Found a one-way gate to the infinite horrors of the Abyss.
 28734 | Orc:2    | Noticed generaletaddeo's ghost (adept BaAM)
 28777 | Orc:2    | Found a staircase to the Elven Halls.
 28960 | Orc:2    | Found Faiq's Antique Armour Boutique.
 28960 | Orc:2    | Found Jipt's Magic Scroll Shoppe.
 28964 | Orc:2    | Found Syulix's Weapon Boutique.
 28964 | Orc:2    | Found Icri Ecorph's Jewellery Shoppe.
 29009 | Orc:2    | Bought an embroidered scarf for 232 gold pieces
 29209 | Orc:2    | Found a runed translucent gate.
 29209 | Orc:2    | Found a runed translucent gate.
 29209 | Orc:2    | Found a runed translucent gate.
 29245 | Orc:2    | Killed generaletaddeo's ghost
 29246 | Orc:2    | Reached skill level 15 in Spellcasting
 30385 | D:14     | Found a gate to the Vaults.
 30388 | D:14     | Reached XP level 17. HP: 91/125 MP: 0/0
 30388 | D:14     | Learned a level 6 spell: Iron Shot
 30884 | D:15     | Entered Level 15 of the Dungeon
 30950 | D:15     | Found a staircase to the Depths.
 32242 | Swamp:1  | Entered Level 1 of the Swamp
 32838 | Swamp:1  | Identified the +9 great sword of Joigaapt {elec, rF+ Will+
                  | Int-3}
 34247 | Swamp:4  | Entered Level 4 of the Swamp
 34300 | Swamp:4  | Noticed a thorn hunter
 34301 | Swamp:4  | Noticed a thorn hunter
 34321 | Swamp:4  | Reached XP level 18. HP: 106/134 MP: 0/0
 34719 | Swamp:4  | Noticed the 27-headed Lernaean hydra
 34723 | Swamp:4  | Killed the 27-headed Lernaean hydra
 34966 | Swamp:4  | Got a decaying rune of Zot
 35234 | Snake:1  | Entered Level 1 of the Snake Pit
 35763 | Snake:1  | Found Icwaaces's Weapon Emporium.
 35847 | Snake:1  | Identified the +9 mace of Cewk {protect, rCorr}
 36105 | Snake:1  | Found a flickering gateway to a bazaar.
 36255 | Snake:2  | Found a frozen archway.
 36263 | IceCv    | Entered an ice cave
 36483 | IceCv    | Noticed a golden dragon
 36491 | IceCv    | Killed a golden dragon
 36605 | IceCv    | Identified the amulet "Myoxkys" {Regen+ Dex+3}
 36608 | IceCv    | Identified the ring "Feirhol" {+Blink rCorr Dex-2 Slay+4
                  | SInv}
 36611 | IceCv    | Identified the ring "Soufuw" {Wiz Will+ Str+2 Dex-5 SInv}
 36825 | Snake:2  | Reached skill level 1 in Shields
 36825 | Snake:2  | Reached XP level 19. HP: 138/143 MP: 0/0
 36825 | Snake:2  | Learned a level 6 spell: Conjure Ball Lightning
 36998 | Snake:2  | Found Upatous's Book Boutique.
 36998 | Snake:2  | Found Kecwan's Book Boutique.
 36998 | Snake:2  | Found Felochiu's Armour Shop.
 36998 | Snake:2  | Found Qotomoon's Jewellery Shop.
 37082 | Snake:2  | Bought a manual of Shields for 800 gold pieces
 37638 | Snake:3  | Reached skill level 5 in Shields
 38490 | Snake:4  | Entered Level 4 of the Snake Pit
 38881 | Snake:4  | Reached XP level 20. HP: 89/150 MP: 0/0
 39334 | Snake:4  | Reached skill level 10 in Shields
 39530 | Snake:4  | Got a serpentine rune of Zot
 40097 | Vaults:1 | Entered Level 1 of the Vaults
 40432 | Vaults:1 | You are sucked into a shaft and drop 1 floor!
 40649 | Vaults:2 | Reached XP level 21. HP: 149/158 MP: 0/0
 40649 | Vaults:2 | Learned a level 7 spell: Haunt
 40717 | Vaults:1 | Found a runed translucent gate.
 40717 | Vaults:1 | Found a runed translucent gate.
 40717 | Vaults:1 | Noticed Weosaxue's ghost (adept GrEE)
 40718 | Vaults:1 | Found a runed translucent gate.
 41783 | Vaults:1 | Found a viscous altar of Jiyva.
 41876 | Vaults:1 | Killed Weosaxue's ghost
 41981 | Vaults:1 | Identified the +11 rapier of the Ghost {vorpal, Str+4}
 42125 | Vaults:2 | Identified the +1 cloak "Vonuj" {rElec Int+7 Dex-3}
 42230 | Vaults:2 | Identified the +5 fustibalus of the Old World {vorpal, rF+
                  | MP+9 Dex-5}
 43176 | Vaults:2 | Reached XP level 22. HP: 149/168 MP: 0/0
 43810 | Vaults:3 | Found a staircase to the Crypt.
 44634 | Vaults:4 | Acquired 735 gold pieces
 45605 | Crypt:1  | Entered Level 1 of the Crypt
 46206 | Crypt:2  | Found a magical portal.
 46212 | Crypt:2  | Reached XP level 23. HP: 162/175 MP: 0/0
 46212 | Crypt:2  | Learned a level 8 spell: Necromutation
 46232 | WizLab   | Entered The Hall of the Hellbinder
 46394 | WizLab   | HP: 3/170 [demonspawn blood saint/fireball (20)]
 46644 | WizLab   | Noticed Wuisef
 46649 | WizLab   | Killed Wuisef the Hellbinder
 46673 | WizLab   | Identified the ring of the Scavenger {Wiz rC+ Dex-2 Slay+3}
 46720 | WizLab   | Identified the ring "Lujam" {Fire rPois Int+3}
 46736 | WizLab   | Found a burning altar of Makhleb.
 47530 | Crypt:3  | Entered Level 3 of the Crypt
 48016 | Crypt:3  | Identified the +11 arbalest of the Building Hero {flame,
                  | Stlth+}
 48083 | Crypt:3  | Noticed a dread lich
 48086 | Crypt:3  | Killed a dread lich
 48667 | Crypt:3  | Found the +8 Vampire's Tooth {vamp}
 48669 | Crypt:3  | Found a staircase to the Tomb.
 49210 | Depths:1 | Entered Level 1 of the Depths
 49273 | Depths:1 | Paralysed by a floating eye for 2 turns
 49282 | Depths:1 | Reached XP level 24. HP: 156/185 MP: 0/0
 49388 | Depths:1 | Found a one-way gateway to a ziggurat.
 49811 | Depths:1 | Noticed Mara
 49816 | Depths:1 | Killed Mara
 49999 | Depths:2 | Found a one-way gate leading to the halls of Pandemonium.
 50061 | Depths:2 | Found a hazy altar of Hepliaklqana.
 50092 | Depths:2 | Found a flickering gateway to a bazaar.
 50093 | Depths:2 | Found a gateway to Hell.
 50103 | Bazaar   | Entered a bazaar
 50103 | Bazaar   | Found Bydeyroy's Antique Armour Boutique.
 50103 | Bazaar   | Found Patsi's Assorted Antiques.
 50103 | Bazaar   | Found Tiuhiar's Jewellery Shoppe.
 50111 | Bazaar   | Found Dulint's Book Emporium.
 50170 | Bazaar   | Bought the amulet of Fakeofeci {+Inv Regen+ Int+4} for 681
                  | gold pieces
 50338 | Depths:2 | Reached skill level 27 in Fighting
 50719 | Depths:3 | Noticed Boris
 50723 | Depths:3 | Killed Boris
 51287 | Depths:3 | Noticed Margery
 51293 | Depths:3 | Killed Margery
 51607 | Depths:3 | Reached XP level 25. HP: 176/192 MP: 0/0
 51607 | Depths:3 | Learned a level 9 spell: Fire Storm
 52119 | Depths:4 | Entered Level 4 of the Depths
 52193 | Depths:4 | Found a gate to the Realm of Zot.
 52390 | Depths:4 | Noticed a caustic shrike
 52391 | Depths:4 | Noticed a caustic shrike
 52393 | Depths:4 | Killed a caustic shrike
 52393 | Depths:4 | Noticed a caustic shrike
 52394 | Depths:4 | Noticed a caustic shrike
 52395 | Depths:4 | Killed a caustic shrike
 52396 | Depths:4 | Killed a caustic shrike
 52398 | Depths:4 | Killed a caustic shrike
 52635 | Depths:4 | Noticed a juggernaut
 52750 | Depths:4 | Identified the +3 scale mail of Too Many Cooks {Stlth+}
 53710 | Depths:2 | Noticed a dread lich
 53717 | Depths:2 | Killed a dread lich
 54169 | Elf:1    | Entered Level 1 of the Elven Halls
 54273 | Elf:1    | Identified the +6 quarterstaff of the Saviour {protect,
                  | Will+ Int+3}
 54840 | Elf:1    | Noticed Kirke
 54844 | Elf:1    | Killed Kirke
 54947 | Elf:1    | Reached XP level 26. HP: 194/198 MP: 0/0
 55168 | Elf:2    | Noticed Nikola
 55173 | Elf:2    | Killed Nikola
 55584 | Elf:2    | Found a huge runed translucent gate.
 55584 | Elf:2    | Found a huge runed translucent gate.
 55585 | Elf:2    | Found a huge runed translucent gate.
 55589 | Elf:2    | Found a huge runed translucent gate.
 55592 | Elf:2    | Found a huge runed translucent gate.
 55885 | Elf:2    | Noticed Azrael
 55894 | Elf:2    | Killed Azrael
 55907 | Elf:2    | Noticed Zenata
 55912 | Elf:2    | Killed Zenata
 56094 | Elf:3    | Entered Level 3 of the Elven Halls
 56324 | Elf:3    | Identified the +10 whip of Mucwecol {vorpal, rC+ Str+7}
 56911 | Elf:3    | Identified the +9 falchion "Arbiter" {flame, MP+9}
 56951 | Elf:3    | Identified the +2 dire flail "Ytitz" {holy, Fly rElec
                  | Stlth+}
 57257 | Elf:3    | Found the +8 longbow "Zephyr" {speed, Dex+3 SInv}
 57342 | Elf:3    | Found the +6 arbalest "Damnation" {damnation}
 57348 | Elf:3    | Identified the +3 chain mail of Midsummer {-Cast Rampage
                  | rPois Str+2}
 57368 | Elf:3    | Identified the +2 hunting sling of Giust {venom, Fragile
                  | rN+ Dex+2}
 57972 | Hell     | Entered the Vestibule of Hell
 57972 | Hell     | Noticed Geryon
 57983 | Hell     | Killed Geryon
 58052 | Hell     | Reached XP level 27. HP: 137/205 MP: 0/0
 58052 | Hell     | Learned a level 9 spell: Death's Door
 58396 | Hell     | Found a gateway to the freezing wastes of Cocytus.
 58467 | Hell     | Found a gateway to the ashen valley of Gehenna.
 58575 | Hell     | Found a gateway to the Iron City of Dis.
 58682 | Hell     | Found a gateway to the decaying netherworld of Tartarus.
 58762 | Hell     | Upgraded the game from 0.29-a0-371-g91724d5b39 to
                  | 0.29-a0-378-gc08b2e8bf8
 58781 | Tar:1    | Entered Level 1 of Tartarus
 59087 | Tar:3    | Noticed an ancient lich
 59090 | Tar:3    | Killed an ancient lich
 59738 | Tar:6    | Reached skill level 10 in Armour
 59825 | Tar:6    | Noticed a dread lich
 59826 | Tar:6    | Paralysed by a dread lich for 4 turns
 59830 | Tar:6    | Killed a dread lich
 59860 | Tar:7    | Entered Level 7 of Tartarus
 59956 | Tar:7    | Reached skill level 10 in Dodging
 60160 | Tar:7    | Noticed an ancient lich
 60165 | Tar:7    | Killed an ancient lich
 60170 | Tar:7    | Noticed a dread lich
 60172 | Tar:7    | Killed a dread lich
 60194 | Tar:7    | Noticed a dread lich
 60199 | Tar:7    | Killed a dread lich
 60214 | Tar:7    | Found the +8 arc blade {discharge, rElec}
 60240 | Tar:7    | Identified the +7 halberd of Suung {vorpal, rC++ Str-4}
 60273 | Tar:7    | Identified the +0 leather armour of the Centipede {SInv}
 60855 | Tar:7    | Noticed Ereshkigal
 60861 | Tar:7    | Killed Ereshkigal
 60903 | Tar:7    | Got a bone rune of Zot
 61045 | Coc:1    | Entered Level 1 of Cocytus
 61242 | Coc:2    | Noticed a shard shrike
 61242 | Coc:2    | Noticed a shard shrike
 61242 | Coc:2    | Noticed a shard shrike
 61243 | Coc:2    | Noticed a shard shrike
 61244 | Coc:2    | Killed a shard shrike
 61244 | Coc:2    | Killed a shard shrike
 61244 | Coc:2    | Killed a shard shrike
 61244 | Coc:2    | Killed a shard shrike
 61245 | Coc:2    | Reached skill level 27 in Spellcasting
 61371 | Coc:2    | You are sucked into a shaft and drop 2 floors!
 61374 | Coc:4    | Reached skill level 1 in Invocations
 61551 | Coc:5    | Reached skill level 15 in Shields
 61804 | Coc:7    | Entered Level 7 of Cocytus
 61955 | Coc:7    | Noticed a shard shrike
 61956 | Coc:7    | Killed a shard shrike
 61957 | Coc:7    | Reached skill level 5 in Invocations
 61970 | Coc:7    | Noticed a shard shrike
 61971 | Coc:7    | Killed a shard shrike
 62224 | Coc:7    | Noticed a shard shrike
 62225 | Coc:7    | Killed a shard shrike
 62227 | Coc:7    | Noticed a shard shrike
 62228 | Coc:7    | Noticed Antaeus
 62231 | Coc:7    | Killed a shard shrike
 62239 | Coc:7    | Killed Antaeus
 62463 | Coc:7    | Noticed a shard shrike
 62464 | Coc:7    | Killed a shard shrike
 62489 | Coc:7    | Got an icy rune of Zot
 62525 | Coc:7    | Identified the +4 glaive "Wuadonext" {flame, rPois rCorr
                  | Str-4 Dex+4}
 62547 | Coc:7    | Noticed a shard shrike
 62549 | Coc:7    | Killed a shard shrike
 62776 | Dis:1    | Entered Level 1 of the Iron City of Dis
 63228 | Dis:3    | Reached skill level 15 in Dodging
 63395 | Dis:3    | Reached skill level 15 in Armour
 63551 | Dis:4    | Killed from afar by an ancient champion

Illustrated notes

Levels and vault maps discovered:
D:1:      spicycebolla_arrival_teleporter_tutorial, layout_basic,
          shapermc_ecumenical_altar_petra, columned_hall_lemuel
D:2:      layout_loops_corners
D:3:      layout_loops_ring
D:4:      layout_basic, nicolae_hepliaklqana_hazy_memory,
          grunt_temple_overflow_open, minmay_temple_entry_statues_pillars
D:5:      layout_rooms, mainiacjoe_overflow_24_doors, fedhas_altar_1,
          nicolae_gozag_seed_capital, minmay_between
D:6:      layout_cave_pools, vehumet_statue, serial_bayou_crossing
D:7:      layout_basic, minmay_splitting_lines, kennysheep_generic_room_9,
          uniq_duvessa
D:8:      layout_loops_cross, amcnicky_altar_gilded, lemuel_tele_altar,
          enter_bailey_2, minmay_the_grid_2x2 [minmay_the_grid_tiny_cups,
          minmay_the_grid_x, minmay_the_grid_aliased_spiral,
          minmay_the_grid_prize_four_corners_diamond_b], uniq_grum
D:9:      layout_roguey, amethyst_overflow_temple_binary, serial_corexii_hall,
          corexii_hall_statues_x, chequers_hall_statues_corner_a
D:10:     layout_basic, uniq_psyche
D:11:     layout_long_grid, dpeg_lair_monsters, hiddenorc1_lemuel,
          nicolae_two_hexagons, minmay_protected_statue, uniq_snorg, uniq_harold
D:12:     layout_rooms, gauntlet_entry_generic, nicolae_ashenzari_skybound
D:13:     layout_big_octagon, serial_shops, shop, serial_rivers,
          chequers_serial_rivers_room_a, chequers_serial_rivers_small_a,
          chequers_serial_rivers_micro_c, chequers_serial_rivers_room_a,
          chequers_serial_rivers_small_a, chequers_serial_rivers_small_b,
          hangedman_abyss_or_decor_clamps
D:14:     layout_roguey, skrybe_vaults_entry_preservation, fountainhead,
          kiku_gazebo_garden_becter
D:15:     hangedman_depths_entry_civil_slaughter, layout_layer_cave,
          amcnicky_mini_pool_small
Temple:   corrupted_temple
Lair:1:   minmay_lair_oklob_chamber, layout_loops_ring,
          chequers_serial_rivers_small_a
Lair:2:   layout_cave_pods, minmay_swamp_entry_worms, serial_bayou_lagoon_b,
          lemuel_fruit_tree
Lair:3:   layout_roguey, minmay_snake_entry_six_corridors
Lair:4:   layout_gridlike, enter_volcano_4
Lair:5:   layout_cave_pods, chequers_serial_rivers_micro_b, grunt_megastairs_5
Lair:6:   grunt_lair_end_beastmaster, layout_cave_pods,
          minmay_slime_entry_oklob_enclosed, serial_bayou_shore_b
Swamp:1:  layout_falls_marsh, hangedman_swamp_ruin_wall, swamp_pool4,
          nicolae_swamp_spriggan_camp, infiniplex_staircase_pool_2
Swamp:2:  layout_falls_marsh, evilmike_swamp_ruin_house_2
Swamp:3:  layout_basic_swamp, evilmike_swamp_ruin_house_1
Swamp:4:  swamp_alternative, layout_basic_swamp
Snake:1:  layout_onion, serial_shops, bzr_entry_road, shop, st_stairs_13,
          drop_trap, hangedman_snake_thin_pillar_pass
Snake:2:  layout_onion, portal_ice_cave_entry_pillars_2, minmay_shoptagon
Snake:3:  layout_basic, grunt_ministairs_12
Snake:4:  grunt_snake_rune_pools, layout_cave_town
Orc:1:    layout_diamond_mine, special_room [special_room_orc], rock_pile
Orc:2:    grunt_orc_tribal_feast, layout_diamond_mine,
          maelrawn_ghost_gauntlet_escape, amcnicky_altar_lugonu_corruption
Elf:1:    elf_arrival_002, layout_geoelf_octagon, basic_altar, minivault_28,
          drop_trap, serial_sigils_hangedman_scratch, uniq_kirke
Elf:2:    elven_hall_of_blades_hangedman_alternative
          [nicolae_blade_entry_crossed_weapons], layout_geoelf_octagon,
          nicolae_elf_martial_mastery, uniq_zenata, uniq_nikola, uniq_azrael
Elf:3:    minmay_elf_hall_four_x, layout_onion_city, minmay_misc_feat_pillars
Vaults:1: gammafunk_ghost_ooze, vaults_room_door_hall, nicolae_vaults_triangles,
          vaults_mumra_minichess_inversion, v_misc_25,
          nicolae_vaults_inception_scallops, vaults_room_hallway,
          vaults_standard_mumra_x, hangedman_vaults_nails, v_misc_11,
          vaults_dpeg_ring, ontoclasm_vaults_twist, vaults_room_stairs_pillars,
          vaults_room_door_ring, nicolae_vaults_asterisk,
          layout_vaults_big_cross
Vaults:2: special_room_vaults [special_room_orc], v_misc_32,
          vaults_room_large_hall, nicolae_vaults_shelves_hall, v_rooms_3,
          nicolae_vaults_rhombus_6, vaults_room_fours, v_misc_11,
          nicolae_vaults_alarming, hangedman_vaults_hat, layout_vaults_big_room
Vaults:3: v_alt_pattern_4, nicolae_vaults_shelves_hall, hangedman_vaults_cutoff,
          v_misc_14, v_misc_5, ontoclasm_vaults_gateway,
          minmay_crypt_entry_simple_round, nicolae_vaults_little_ls,
          ontoclasm_vaults_eye, layout_vaults_omnigrid
Vaults:4: v_pattern_4, vaults_room_fours, v_misc_4, ontoclasm_vaults_misaligned,
          v_misc_27, ontoclasm_vaults_ligature, hangedman_vaults_restitches,
          vaults_room_fours, nicolae_vaults_circle_grid_b,
          vaults_room_large_hall, nicolae_vaults_specimen_jars,
          layout_vaults_maze_snakey
Crypt:1:  layout_rooms, item_on_display_a, grunt_megastairs_2,
          grunt_crypt_arrival_webbed, lemuel_upstairs_altar
Crypt:2:  layout_misc_corridors, infiniplex_enter_wizlab_glasses, minivault_19
Crypt:3:  cryptofortress_bobbens
Depths:1: layout_forbidden_donut, enter_ziggurat_c, grunt_hell_entry_dis_old,
          kennysheep_generic_room_4, serial_bayou_shore_a, uniq_mara
Depths:2: hellmonk_paralyzer, layout_honeycomb, pan_entry, lemuel_crystal_altar,
          hell_entry, serial_shops, bzr_entry_water, st_stairs_14,
          minmay_staircase_statues, grunt_megastairs_1
Depths:3: hangedman_screamer, layout_basic, serial_glass, glass_columns_a,
          glass_columns_a, hangedman_abyss_entry_splay, grunt_hell_horde,
          nicolae_concentric_dashed_squares_mild, grunt_pan_entry_zigzag,
          firewood_loft, infiniplex_staircase_split_hallway,
          serial_bayou_shore_b, uniq_boris, uniq_margery
Depths:4: grunt_zot_entry_funnels, layout_gridville, abyss_entry, minivault_11,
          pf_hell_entry_great_geh
Hell
Dis:1:    layout_subdivisions
Dis:2:    layout_subdivisions, nicolae_dis_distal_crystal
Dis:3:    layout_regular_city
Dis:4:    layout_subdivisions
Coc:1:    layout_cocytus_delve
Coc:2:    layout_ice_bergs
Coc:4:    layout_cocytus_water_paths
Coc:5:    layout_ice_bergs
Coc:6:    nicolae_coc_icebeans_plural [nicolae_sub_coc_subbean,
          nicolae_sub_coc_subbean, nicolae_sub_coc_subbean,
          nicolae_sub_coc_subbean], layout_cocytus_delve
Coc:7:    coc_old
Tar:1:    layout_cathedral_of_symmetry, nicolae_tar_cuneiform_two
Tar:2:    layout_cathedral_of_symmetry
Tar:3:    layout_honeycomb, nicolae_tar_four_comb_rooms
Tar:4:    layout_honeycomb, nicolae_tar_cuneiform_water, lemuel_nasty_fountain
Tar:5:    layout_grid_maze
Tar:6:    layout_grid_maze
Tar:7:    tar_old

Skill      XL: |  1  2  3  4  5  6  7  8  9 10 11 12 13 14 15 16 17 18 19 20 21 22 23 24 25 26 27 |
---------------+----------------------------------------------------------------------------------+-----
Fighting       | 1 2 3 4 5 7 9 12 13 14 16 17 18 20 21 22 23 24 25 26 27 | 27.0
Spellcasting   | 4 5 6 7 10 11 12 13 14 15 16 17 18 19 20 21 22 24 25 27 | 27.0
Armour         | 5 7 9 15 | 15.2
Dodging        | 6 8 15 | 15.5
Shields        | 1 8 10 17 | 17.2
Invocations    | 9 |  9.4
Stealth        | |  1.5

Action                   |  1- 3 |  4- 6 |  7- 9 | 10-12 | 13-15 | 16-18 | 19-21 | 22-24 | 25-27 || total
-------------------------+-------+-------+-------+-------+-------+-------+-------+-------+-------++-------
Melee: Unarmed           |     8 |     1 |     2 |       |       |       |       |       |       ||    11
       Staff             |       |       |       |     3 |       |     5 |       |     2 |       ||    10
       Pair of quick bla |       |       |       |       |    50 |       |       |       |       ||    50
       Mace              |       |       |       |       |       |     9 |       |       |       ||     9
       Trident           |       |       |       |       |       |     2 |       |       |       ||     2
       Broad axe         |       |       |       |       |       |       |       |       |    11 ||    11
 Cast: Magic Dart        |    79 |    88 |   171 |   114 |   383 |    15 |     8 |       |     1 ||   859
       Searing Ray       |     1 |     7 |    17 |    32 |    16 |     2 |       |       |       ||    75
       Static Discharge  |       |     1 |       |       |       |       |       |       |       ||     1
       Iskenderun's Myst |       |       |    29 |    78 |   204 |   192 |    42 |    41 |    26 ||   612
       Dazzling Flash    |       |       |       |     1 |       |       |       |       |       ||     1
       Summon Mana Viper |       |       |       |       |     4 |     1 |     1 |       |       ||     6
       Ozocubu's Armour  |       |       |       |       |     2 |     1 |       |       |     1 ||     4
       Fulminant Prism   |       |       |       |       |    15 |    11 |       |     3 |       ||    29
       Death Channel     |       |       |       |       |     1 |       |       |     2 |     1 ||     4
       Iron Shot         |       |       |       |       |       |   276 |   444 |   548 |   503 ||  1771
       Conjure Ball Ligh |       |       |       |       |       |       |     5 |       |       ||     5
       Haunt             |       |       |       |       |       |       |    12 |     3 |     4 ||    19
       Necromutation     |       |       |       |       |       |       |       |     9 |    69 ||    78
       Fire Storm        |       |       |       |       |       |       |       |       |   264 ||   264
Invok: Ancestor Life: Ba |       |       |       |     1 |       |       |       |       |       ||     1
       Recall Ancestor   |       |       |       |     1 |     3 |     1 |     2 |     4 |     4 ||    15
       Idealise          |       |       |       |       |       |       |     2 |     1 |     4 ||     7
Evoke: Wand              |       |       |       |       |     1 |       |       |     1 |     3 ||     5
  Use: Scroll            |     1 |       |     1 |    20 |     1 |     6 |     4 |     7 |     6 ||    46
       Potion            |       |     1 |       |     2 |     2 |     2 |     3 |     4 |       ||    14
Armor: Robe              |     7 |     4 |    24 |    16 |    56 |       |       |       |       ||   107
       Troll leather arm |       |       |       |       |       |    28 |    18 |    22 |    49 ||   117
Dodge: Dodged            |     4 |     9 |    29 |    95 |   195 |   154 |   133 |    71 |   140 ||   830
       Repelled          |       |       |       |       |     2 |    10 |     9 |       |       ||    21
Block: Buckler           |       |       |       |       |       |    17 |    37 |       |       ||    54
       Reflection        |       |       |       |       |       |     5 |       |       |       ||     5
       Kite shield       |       |       |       |       |       |       |    28 |    39 |   103 ||   170

Table legend: (Time is in decaauts)
 A = Elapsed time spent in this place.
 B = Non-inter-level travel time spent in this place.
 C = Inter-level travel time spent in this place.
 D = Time resting spent in this place.
 E = Time spent auto-exploring this place.
 F = Levels seen in this place.
 G = Mean time per level.
                   A        B        C        D        E       F      G
               +--------+--------+--------+--------+--------+-----+--------+
         Total |  63631 |  59161 |   4470 |   1428 |  46209 |  70 |  909.0 |
       Dungeon |  17355 |  16048 |   1307 |    354 |  13604 |  15 | 1157.0 |
        Temple |     54 |     42 |     12 |      0 |     29 |   1 |   54.0 |
          Lair |  11778 |  11201 |    577 |    914 |   8866 |   6 | 1963.0 |
         Swamp |   2981 |   2709 |    272 |    114 |   2075 |   4 |  745.2 |
     Snake Pit |   4203 |   3845 |    358 |     38 |   2915 |   4 | 1050.8 |
  Orcish Mines |   1859 |   1570 |    289 |      0 |   1093 |   2 |  929.5 |
   Elven Halls |   3560 |   3396 |    164 |      0 |   2520 |   3 | 1186.7 |
        Vaults |   5600 |   5276 |    324 |      8 |   4124 |   4 | 1400.0 |
         Crypt |   2914 |   2672 |    242 |      0 |   2064 |   3 |  971.3 |
        Depths |   5086 |   4533 |    553 |      0 |   3505 |   4 | 1271.5 |
          Hell |    713 |    621 |     92 |      0 |    503 |   1 |  713.0 |
           Dis |    685 |    621 |     64 |      0 |    435 |   4 |  171.2 |
       Cocytus |   1646 |   1584 |     62 |      0 |   1227 |   6 |  274.3 |
      Tartarus |   2228 |   2078 |    150 |      0 |   1496 |   7 |  318.3 |
        Bazaar |     85 |     85 |      0 |      0 |     55 |   1 |   85.0 |
        Bailey |    706 |    706 |      0 |      0 |    385 |   1 |  706.0 |
      Ice Cave |    541 |    541 |      0 |      0 |    375 |   1 |  541.0 |
       Volcano |    707 |    707 |      0 |      0 |    499 |   1 |  707.0 |
        Wizlab |    542 |    542 |      0 |      0 |    309 |   1 |  542.0 |
      Gauntlet |    380 |    380 |      0 |      0 |    129 |   1 |  380.0 |
               +--------+--------+--------+--------+--------+-----+--------+

Top non-repeatable levels by time:
  Lair:6: 3145 daAuts
  Lair:2: 1970 daAuts
Depths:3: 1964 daAuts
  Lair:1: 1862 daAuts
  Lair:5: 1845 daAuts
    D:11: 1742 daAuts
     D:8: 1741 daAuts
Vaults:1: 1691 daAuts
Vaults:2: 1635 daAuts
   Elf:3: 1581 daAuts
     D:5: 1563 daAuts
  Lair:3: 1526 daAuts
     D:7: 1486 daAuts
 Crypt:3: 1471 daAuts
     D:1: 1462 daAuts
